 Dungeon Crawl Stone Soup version 0.32-a0-351-gc6a9d31 (webtiles) character file.

Game seed: 15810967986620844769

160625 Dorkslayer the Severer (level 17, -3/148 HPs)
             Began as a Mountain Dwarf Fighter on Feb 16, 2024.
             Was the Champion of the Shining One.
             Slain by a red very ugly thing (29 damage)
             ... on level 1 of the Depths on Feb 17, 2024.
             The game lasted 01:17:47 (24005 turns).

Dorkslayer the Severer (Mountain Dwarf Fighter)    Turns: 24005, Time: 01:17:47

Health: -3/148     AC: 34    Str: 27    XL:     17   Next: 18%
Magic:  26/26      EV: 12    Int: 11    God:    the Shining One [******]
Gold:   1922       SH: 19    Dex: 13    Spells: 16/16 levels left

rFire   . . .        r - +8 war axe (heavy)
rCold   . . .        a - +2 kite shield {reflect}
rNeg    + + +        b - +18 Lear's hauberk
rPois   .            (helmet currently unavailable)
rElec   .            D - +1 cloak
rCorr   .            (gloves currently unavailable)
SInv    .            (boots currently unavailable)
Will    +....        g - amulet of reflection Stlth
                     o - +4 ring of slaying
HPRegen 0.44/turn    B - +6 ring of strength
MPRegen 0.20/turn

%: reflection
@: glowing
A: runic magic, artefact enchanting
a: Renounce Religion, Divine Shield, Cleansing Flame, Summon Divine Warrior,
Brand Weapon With Holy Wrath


You were on level 1 of the Depths.
You worshipped the Shining One.
The Shining One was exalted by your worship.
You visited 5 branches of the dungeon, and saw 24 of its levels.
You also visited: Sewer and Volcano.

You collected 3114 gold pieces.
You spent 1192 gold pieces at shops.

Inventory:

Hand Weapons
 r - a +8 heavy war axe (weapon)
 F - a +2 war axe of flaming
 P - the +4 broad axe of Xaveh {flame, ^Fragile Str+2 Dex+3 Stlth+}
   (You acquired it on level 2 of the Lair of Beasts)

   Str+2:     It affects your strength (+2).
   Dex+3:     It affects your dexterity (+3).
   ^Fragile:  It will be destroyed if unequipped.
   Stlth+:    It makes you more stealthy.
 R - a +3 heavy broad axe
Missiles
 i - 16 boomerangs
 j - 11 curare-tipped darts (quivered)
 A - a throwing net
 E - 6 javelins
Armour
 a - a +2 kite shield of reflection (worn)
 b - the +18 Lear's hauberk (worn)
   (You acquired it on level 3 of the Dungeon)
 c - a +0 plate armour
 h - a +4 chain mail
 n - a +0 helmet
 p - the +0 pair of gloves of Valour {rF+ Str+5}
   (You bought it in a shop on level 2 of the Orcish Mines)

   Str+5:     It affects your strength (+5).
   rF+:       It protects you from fire.
 D - a +1 cloak (worn)
Jewellery
 d - the ring of Lilacs {rPois rN+ Will- Dex+5}
   (You took it off a centaur warrior on level 8 of the Dungeon)

   [ring of positive energy]

   Dex+5:     It affects your dexterity (+5).
   rPois:     It protects you from poison rN+: It protects you from negative
   energy.
   Will-:     It decreases your willpower.
 g - an amulet of reflection (around neck)
 o - a +4 ring of slaying (left hand)
 B - a +6 ring of strength (right hand)
 M - a ring of protection from cold
Wands
 e - a wand of polymorph (26)
 u - a wand of iceblast (11)
 H - a wand of flame (22)
 J - a wand of paralysis (3)
 K - a wand of mindburst (13)
 L - a wand of digging (8)
Scrolls
 m - 2 scrolls of silence
 q - 11 scrolls of teleportation
 t - a scroll of immolation
 y - 3 scrolls of amnesia
 G - a scroll of fog
 N - a scroll of poison
 O - 3 scrolls of fear
Potions
 k - 4 potions of cancellation
 l - 4 potions of curing
 s - a potion of enlightenment
 v - 4 potions of magic
 w - a potion of resistance
 x - 2 potions of mutation
 z - 4 potions of ambrosia
 C - 2 potions of berserk rage
 S - 2 potions of might
 T - a potion of heal wounds
Miscellaneous
 Q - a tin of tremorstones (2/2)


   Skills:
 + Level 12.6 Fighting
 + Level 17.7(17.8) Axes
 + Level 1.9(11.8) Maces & Flails
 + Level 1.1 Throwing
 * Level 15.0 Armour
 * Level 9.8 Dodging
 + Level 3.0 Stealth
 + Level 11.9 Shields
 + Level 1.1 Unarmed Combat
 * Level 12.3 Invocations
 * Level 13.0 Evocations


You had 16 spell levels left.
You didn't know any spells.
Your spell library contained the following spells:

 Spells                   Type           Power      Damage    Failure   Level
 Sandblast                Erth           0%         2d4       58%         1
 Summon Small Mammal      Summ           0%         N/A       58%         1
 Call Imp                 Summ           0%         N/A       73%         2
 Cigotuvi's Dreadful Rot  Necr/Alch/Air  0%         N/A       73%         2
 Sublimation of Blood     Necr           0%         N/A       73%         2
 Call Canine Familiar     Summ           0%         N/A       91%         3
 Gell's Gravitas          Tloc           0%         N/A       91%         3
 Inner Flame              Hex/Fire       0%         N/A       91%         3
 Ozocubu's Armour         Ice            0%         N/A       91%         3
 Passwall                 Erth           0%         N/A       91%         3
 Stone Arrow              Conj/Erth      0%         3d7       91%         3
 Teleport Other           Tloc           0%         N/A       91%         3
 Brom's Barrelling Bould  Conj/Erth      0%         2d3       100%        4
 Flame Wave               Conj/Fire      0%         2d4       100%        4
 Ignite Poison            Fire/Alch      0%         N/A       100%        4
 Leda's Liquefaction      Alch/Erth      0%         N/A       100%        4
 Manifold Assault         Tloc           0%         N/A       100%        4
 Sticky Flame             Fire/Alch      0%         2d4       100%        4
 Summon Blazeheart Golem  Fire/Summ      0%         N/A       100%        4
 Vhi's Electric Charge    Tloc/Air       0%         N/A       100%        4
 Arcjolt                  Conj/Air       0%         1d10      100%        5
 Fireball                 Conj/Fire      0%         3d3       100%        5
 Freezing Cloud           Conj/Ice/Air   0%         6-21      100%        5
 Irradiate                Conj/Alch      0%         3d11      100%        5
 Iskenderun's Battlesphe  Conj           0%         2d6       100%        5
 Lee's Rapid Deconstruct  Erth           0%         3d4*      100%        5
 Metabolic Englaciation   Hex/Ice        0%         N/A       100%        5
 Bombard                  Conj/Erth      0%         9d1       100%        6
 Conjure Ball Lightning   Conj/Air       0%         3x3d6     100%        6
 Dispersal                Tloc           0%         N/A       100%        6
 Sculpt Simulacrum        Ice/Alch       0%         N/A       100%        6
 Orb of Destruction       Conj           0%         9d5       100%        7
 Spellforged Servitor     Conj/Summ      0%         N/A       100%        7
 Summon Hydra             Summ           0%         N/A       100%        7
 Disjunction              Tloc           0%         N/A       100%        8
 Ignition                 Fire           0%         3d3       100%        8
 Maxwell's Capacitive Co  Air            0%         ∞         100%        8


Dungeon Overview and Level Annotations

Branches:
Dungeon (15/15)            Temple (1/1) D:5            Lair (5/5) D:10
 Shoals (0/4) Lair:2        Snake (0/4) Lair:2        Slime (0/5) Lair:4
    Orc (2/2) D:11            Elf (0/3) Orc:2        Vaults (0/5) D:13
 Depths (1/4) D:15          Sewer (visited)         Volcano (visited)

Altars:
Ashenzari
Cheibriados
Dithmenos
Elyvilon
Fedhas
Gozag
Hepliaklqana
Kikubaaqudgha
Makhleb
Nemelex Xobeh
Okawaru
Qazlal
Ru
Sif Muna
Trog
Uskayaw
Vehumet
Wu Jian
Xom
Yredelemnul
Zin
The Shining One
Beogh
Jiyva

Shops:
D:6 (   D:8 =   Orc:1 *   Orc:2 *:=

Portals:
Abyss: Depths:1
Trove: D:14 (give +3 ice dragon scales)


Innate Abilities, Weirdness & Mutations

Your spellcasting is much less encumbered by armour.
You can use scrolls of enchantment on lesser artefacts.


Message History

You slice the red very ugly thing!! The red very ugly thing kicks you.
You are engulfed in flames!!
You cut the red very ugly thing into ribbons!!!
The red very ugly thing is severely wounded.
You slash the red very ugly thing! The red very ugly thing headbutts you.
You are engulfed in flames!!
* * * LOW HITPOINT WARNING * * *
The red very ugly thing barely misses you.
You slice the red very ugly thing!!
The red very ugly thing is almost dead.
You slash the red very ugly thing! The red very ugly thing headbutts you!
* * * LOW HITPOINT WARNING * * *
You are engulfed in flames!!
* * * LOW HITPOINT WARNING * * *
You block the red very ugly thing's attack.
You feel much better.
You block the red very ugly thing's attack. x2
You slice the red very ugly thing!!
You kill the red very ugly thing!
You slice the red very ugly thing!!
The red very ugly thing closely misses you.
The red very ugly thing misses you.
You feel much better. The red very ugly thing headbutts you!
* * * LOW HITPOINT WARNING * * *
You are engulfed in flames!!
* * * LOW HITPOINT WARNING * * *
You feel much better.
You block the red very ugly thing's attack.
You slice the red very ugly thing!!
The red very ugly thing is severely wounded.
The red very ugly thing headbutts you but does no damage.
You hit the red very ugly thing.
The red very ugly thing is severely wounded.
The red very ugly thing headbutts you but does no damage.
You slash the red very ugly thing!
The red very ugly thing is almost dead.
The red very ugly thing headbutts you!
* * * LOW HITPOINT WARNING * * *
You are engulfed in flames!!
You die...

#...# ##.# #.#.#.
#...###.## #.#.#.
########.[(##.#####.#.#.
.........)..............
..........[.............
........................
.................#######
................##
......u@.########
.......?.# .........#
.........# ..!......#
#### ....!..... ....
.......... ....
........... .... ####


You could see a red very ugly thing.

Vanquished Creatures
  2 liches (Depths:1)
  Gastronok (Lair:3)
  Kirke (D:14)
  A fire giant (Depths:1)
  2 very ugly things (Depths:1)
  3 stone giants (Depths:1)
  Nessos (D:14)
  The ghost of vykuza the Fighter, a journeyman BaHu of Cheibriados (D:11)
  A spark wasp (D:8)
  An ettin (Depths:1)
  3 fire dragons (Depths:1)
  Erolcha (D:12)
  4 vault guards (D:13)
  An entropy weaver (shapeshifter) (D:15)
  A spriggan air mage (Depths:1)
  A rakshasa (Depths:1)
  10 hydras
  3 ogre magi
  8 centaur warriors
  4 boulder beetles
  4 deep troll shamans (Depths:1)
  17 two-headed ogres
  2 deep troll earth magi
  5 death yaks (Lair:5)
  An occultist (Depths:1)
  Nergalle (Lair:3)
  A salamander mystic (Volcano)
  4 iron trolls (Depths:1)
  A skyshark (Lair:4)
  Sonja (D:12)
  12 skeletal warriors
  10 deep trolls
  A glowing orange brain (Depths:1)
  2 orc knights
  Pikel (D:4)
  9 deep elf pyromancers
  2 deep elf zephyrmancers (D:15)
  2 oklob plants (Lair:2)
  2 orc sorcerers
  7 ugly things
  10 cyclopes
  5 salamanders
  5 manticores
  22 elephants
  4 black mambas
  2 merfolk sirens (Lair:2)
  17 cane toads
  Joseph (D:7)
  3 torpor snails
  A cane toad (shapeshifter) (D:15)
  Maggie (D:7)
  Jeremiah (D:7)
  5 rime drakes
  2 kobold demonologists
  An unseen horror (D:13)
  16 komodo dragons
  2 tengu conjurers (D:14)
  2 efreet (D:15)
  Psyche (D:9)
  14 trolls
  7 polar bears
  6 hornets
  2 queen bees
  24 dream sheep
  Prince Ribbit (D:9)
  13 blink frogs
  2 shadows
  8 slime creatures
  A centaur simulacrum (D:14)
  14 spriggans (Lair:5)
  A spriggan (shapeshifter) (D:8)
  3 wyverns
  2 fire elementals (D:15)
  2 hogs (D:14)
  66 yaks
  10 basilisks
  A vampire (D:11)
  3 steam dragons (Lair:2)
  13 vampire mosquitoes
  A warg (Orc:2)
  Edmund (D:4)
  Menkaure (D:4)
  2 acid dragons
  3 nagas (Lair:2)
  13 water moccasins
  2 ice beasts
  9 black bears
  20 orc warriors
  23 ogres
  A sky beast (D:8)
  The ghost of Tanach the Chopper, an amateur MDFi (D:3)
  22 wolves
  4 boggarts (Lair:5)
  18 centaurs
  A phantom (D:6)
  4 lemures (D:4)
  11 kobold brigands
  13 bullfrogs
  4 scorpions
  A wight (D:10)
  45 killer bees
  2 howler monkeys (D:13)
  An oklob sapling (D:5)
  4 lava snakes (D:15)
  A bombardier beetle (D:4)
  11 orc priests
  2 hounds
  3 jellies
  4 iguanas
  A sleepcap (D:7)
  Ijyb (D:5)
  Natasha (thrice) (D:2)
  21 orc wizards
  3 hell rats (Lair:5)
  Robin (D:2)
  8 gnolls
  11 adders
  5 river rats
  4 ufetubi
  5 ribbon worms (Sewer)
  4 dart slugs
  73 orcs
  6 ball pythons
  15 endoplasms
  4 giant cockroaches
  18 goblins
  8 hobgoblins
  10 jackals
  38 kobolds
  6 quokkas
  7 bats
  2 frilled lizards
  15 rats
926 creatures vanquished.

Vanquished Creatures (collateral kills)
  3 yaks (D:10)
  A steam dragon (D:10)
  An orc warrior (D:10)
  2 wolves (D:10)
  3 wights (D:10)
  2 orc wizards (D:10)
  An orc (D:10)
13 creatures vanquished.

Vanquished Creatures (others)
  2 humans (D:14)
  3 water elementals (Depths:1)
5 creatures vanquished.

Grand Total: 944 creatures vanquished

Notes
Turn   | Place    | Note
-------+----------+-------------------------------------------
     0 | D:1      | Dorkslayer the Mountain Dwarf Fighter began the quest for
                  | the Orb.
     0 | D:1      | Reached XP level 1. HP: 19/19 MP: 1/1
    62 | D:1      | Reached XP level 2. HP: 26/26 MP: 2/2
   303 | D:1      | Reached XP level 3. HP: 31/31 MP: 3/3
   749 | D:1      | Reached skill level 3 in Axes
   985 | D:2      | Reached skill level 1 in Dodging
   999 | D:2      | Reached XP level 4. HP: 40/40 MP: 4/4
  1172 | D:2      | Noticed Robin
  1186 | D:2      | Killed Robin
  1357 | D:2      | Reached XP level 5. HP: 46/46 MP: 5/5
  1494 | D:2      | Noticed Natasha
  1506 | D:2      | Killed Natasha
  1580 | D:2      | Noticed Natasha
  1586 | D:2      | Killed Natasha
  1587 | D:2      | Reached skill level 4 in Axes
  1806 | D:2      | Noticed Natasha
  1814 | D:2      | Killed Natasha
  1956 | D:3      | Found a glowing drain.
  1972 | D:3      | Reached XP level 6. HP: 37/52 MP: 6/6
  1978 | Sewer    | Entered a sewer
  2134 | Sewer    | Reached skill level 5 in Axes
  2423 | Sewer    | Reached skill level 5 in Armour
  2614 | Sewer    | Reached XP level 7. HP: 52/59 MP: 7/7
  2730 | Sewer    | Reached skill level 6 in Axes
  3001 | D:3      | Identified a scroll of acquirement
  3001 | D:3      | Acquired the +18 Lear's hauberk
  3001 | D:3      | Found the +18 Lear's hauberk
  3181 | D:3      | Found a runed translucent gate.
  3181 | D:3      | Found a runed translucent gate.
  3181 | D:3      | Found a runed translucent gate.
  3181 | D:3      | Noticed Tanach's ghost (amateur MDFi)
  3438 | D:3      | Found a faded altar of an unknown god.
  3922 | D:3      | Found a roughly hewn altar of Beogh.
  3933 | D:3      | Killed Tanach's ghost
  4041 | D:4      | Noticed Menkaure
  4046 | D:4      | Killed Menkaure
  4047 | D:4      | Reached skill level 7 in Axes
  4145 | D:4      | Noticed Pikel
  4160 | D:4      | Killed Pikel
  4161 | D:4      | Reached skill level 8 in Axes
  4161 | D:4      | Reached XP level 8. HP: 55/67 MP: 8/8
  4209 | D:4      | Noticed Edmund
  4228 | D:4      | Killed Edmund
  4229 | D:4      | Reached skill level 5 in Fighting
  4674 | D:5      | Entered Level 5 of the Dungeon
  4674 | D:5      | Noticed Ijyb
  4684 | D:5      | Killed Ijyb
  4685 | D:5      | Reached skill level 5 in Shields
  4698 | D:5      | Reached skill level 9 in Axes
  4715 | D:5      | Reached XP level 9. HP: 63/74 MP: 9/9
  4790 | D:5      | Found a staircase to the Ecumenical Temple.
  4816 | D:5      | Reached skill level 1 in Evocations
  4820 | Temple   | Entered the Ecumenical Temple
  4929 | Temple   | Became a worshipper of the Shining One
  4998 | D:5      | Reached skill level 1 in Stealth
  4998 | D:5      | Reached skill level 1 in Unarmed Combat
  5256 | D:5      | Identified the +3 ring mail "Ralibimu" {Fly rF- rCorr
                  | Dex+8}
  5652 | D:6      | Reached skill level 5 in Dodging
  5652 | D:6      | Reached XP level 10. HP: 84/84 MP: 9/13
  5957 | D:6      | Found Wugh's Antique Weapon Shoppe.
  5967 | D:6      | Bought a glowing war axe for 143 gold pieces
  6202 | D:6      | Bought a runed war axe for 143 gold pieces
  6226 | D:7      | Noticed Joseph
  6232 | D:7      | Reached skill level 10 in Axes
  6239 | D:7      | Killed Joseph
  6308 | D:7      | Reached * piety under the Shining One
  6350 | D:7      | Noticed Maggie
  6370 | D:7      | Killed Maggie
  6421 | D:7      | Noticed Jeremiah
  6464 | D:7      | Killed Jeremiah
  6465 | D:7      | Reached XP level 11. HP: 65/91 MP: 14/14
  7194 | D:8      | Found a transporter.
  7196 | D:8      | Noticed a boulder beetle
  7206 | D:8      | Noticed a centaur warrior
  7208 | D:8      | Noticed a red ugly thing
  7208 | D:8      | Reached ** piety under the Shining One
  7210 | D:8      | a scorpion changed into a harpy
  7210 | D:8      | Noticed a harpy (shapeshifter)
  7262 | D:8      | Found Vageaxku's Jewellery Emporium.
  7407 | D:8      | Identified the ring of Lilacs {rPois rN+ Will- Dex+5}
  7411 | D:8      | Found a transporter.
  7411 | D:8      | Noticed a centaur warrior
  7484 | D:8      | Reached skill level 11 in Axes
  7572 | D:8      | Killed a red ugly thing
  7572 | D:8      | Killed a centaur warrior
  7575 | D:8      | Killed a centaur warrior
  7581 | D:8      | a boulder beetle changed into a spark wasp
  7581 | D:8      | Noticed a spark wasp
  7581 | D:8      | HP: 3/92 [spark wasp/living lightning (15)]
  7583 | D:8      | Killed a spark wasp
  7906 | D:9      | Noticed a two-headed ogre
  7911 | D:9      | Killed a two-headed ogre
  7912 | D:9      | Reached skill level 10 in Armour
  8054 | D:9      | Noticed Psyche
  8063 | D:9      | Killed Psyche
  8176 | D:9      | Found a shadowy altar of Dithmenos.
  8190 | D:9      | Reached skill level 12 in Axes
  8297 | D:9      | Found an opulent altar of Gozag.
  8306 | D:9      | Noticed Prince Ribbit
  8312 | D:9      | Killed Prince Ribbit
  8869 | D:10     | Entered Level 10 of the Dungeon
  8888 | D:10     | Reached XP level 12. HP: 93/101 MP: 15/15
  8918 | D:10     | Found a staircase to the Lair.
  9022 | D:10     | Noticed a two-headed ogre
  9032 | D:10     | Killed a two-headed ogre
  9033 | D:10     | Reached skill level 13 in Axes
  9272 | D:10     | Acquired 424 gold pieces
  9424 | D:11     | Noticed a two-headed ogre
  9435 | D:11     | Killed a two-headed ogre
  9556 | D:11     | Found a transporter.
  9556 | D:11     | Noticed vykuza's ghost (journeyman BaHu)
  9559 | D:11     | Found a transporter.
  9659 | D:11     | Noticed a two-headed ogre
  9664 | D:11     | Killed a two-headed ogre
  9778 | D:11     | Reached *** piety under the Shining One
  9790 | D:11     | Noticed an eight-headed hydra
  9797 | D:11     | Killed an eight-headed hydra
  9977 | D:11     | Found a staircase to the Orcish Mines.
  9979 | D:11     | Noticed a centaur warrior
  9987 | D:11     | Killed a centaur warrior
  9994 | D:11     | Reached skill level 1 in Maces & Flails
 10267 | D:11     | Killed vykuza's ghost
 10414 | D:12     | Noticed Sonja
 10418 | D:12     | Noticed Erolcha
 10425 | D:12     | Killed Sonja
 10429 | D:12     | Killed Erolcha
 10515 | D:12     | Noticed a two-headed ogre
 10522 | D:12     | Killed a two-headed ogre
 10557 | D:12     | Reached XP level 13. HP: 71/108 MP: 16/16
 10570 | D:12     | Reached skill level 14 in Axes
 10578 | D:12     | Reached skill level 5 in Invocations
 11034 | D:12     | Reached **** piety under the Shining One
 11386 | Orc:1    | Entered Level 1 of the Orcish Mines
 11586 | Orc:2    | Entered Level 2 of the Orcish Mines
 11866 | Orc:2    | Found a roughly hewn altar of Beogh.
 11887 | Orc:2    | Found a staircase to the Elven Halls.
 12038 | Orc:1    | Found Famusyog's General Store.
 12090 | Orc:1    | Bought a wand of iceblast (4) for 172 gold pieces
 12090 | Orc:1    | Bought a scroll of identify for 36 gold pieces
 12226 | Orc:2    | Reached ***** piety under the Shining One
 12242 | Orc:2    | Reached skill level 15 in Axes
 12602 | Orc:2    | Reached skill level 10 in Evocations
 12722 | Orc:2    | Found Xaaxka's Jewellery Boutique.
 12752 | Orc:2    | Found Ithuguf's General Store.
 12757 | Orc:2    | Found Ojilytoh's Assorted Antiques.
 12758 | Orc:2    | Found Caumou Ysasa's Book Shop.
 12760 | Orc:2    | Bought the +0 pair of gloves of Valour {rF+ Str+5} for 290
                  | gold pieces
 12760 | Orc:2    | Bought a potion of curing for 30 gold pieces
 12814 | Orc:2    | Reached XP level 14. HP: 118/118 MP: 19/19
 13055 | Orc:1    | Bought a wand of digging (5) for 378 gold pieces
 13604 | Lair:1   | Entered Level 1 of the Lair of Beasts
 14704 | Lair:2   | Reached skill level 10 in Fighting
 15108 | Lair:2   | Found a staircase to the Snake Pit.
 15268 | Lair:2   | Found a staircase to the Shoals.
 15984 | Lair:3   | Reached skill level 16 in Axes
 16122 | Lair:3   | Noticed Nergalle
 16133 | Lair:3   | Killed Nergalle
 16138 | Lair:3   | Noticed Gastronok
 16154 | Lair:3   | Killed Gastronok
 16358 | Lair:3   | Found a stormy altar of Qazlal.
 16842 | Lair:4   | Found a dark tunnel.
 16855 | Volcano  | Entered a volcano
 16908 | Volcano  | Reached XP level 15. HP: 62/128 MP: 21/21
 17302 | Lair:4   | Acquired the +3 broad axe of Xaveh {flame, ^Fragile Str+2
                  | Dex+3 Stlth+}
 17543 | Lair:4   | Found a viscous altar of Jiyva.
 17544 | Lair:4   | Found a staircase to the Slime Pits.
 17784 | Lair:5   | Entered Level 5 of the Lair of Beasts
 17860 | Lair:5   | Reached ****** piety under the Shining One
 18066 | Lair:5   | Reached skill level 10 in Shields
 18416 | Lair:5   | Reached skill level 10 in Invocations
 18925 | Lair:5   | Reached skill level 17 in Axes
 19647 | D:13     | Reached XP level 16. HP: 138/138 MP: 24/24
 19739 | D:13     | Found a gate to the Vaults.
 20073 | D:13     | Reached skill level 1 in Throwing
 20303 | D:14     | Noticed Kirke
 20313 | D:14     | Killed Kirke
 20555 | D:14     | Found a stormy altar of Qazlal.
 20556 | D:14     | Noticed Nessos
 20566 | D:14     | Killed Nessos
 21012 | D:14     | Upgraded the game from 0.32-a0-330-g213d367 to
                  | 0.32-a0-351-gc6a9d31
 21029 | D:14     | Found a portal to a secret trove of treasure.
 21359 | D:15     | Entered Level 15 of the Dungeon
 22023 | D:15     | Found a staircase to the Depths.
 22890 | Depths:1 | Entered Level 1 of the Depths
 23180 | Depths:1 | Found a one-way gate to the infinite horrors of the Abyss.
 23181 | Depths:1 | Noticed a lich
 23188 | Depths:1 | Killed a lich
 23221 | Depths:1 | Noticed a lich
 23229 | Depths:1 | Killed a lich
 23561 | Depths:1 | Reached XP level 17. HP: 106/148 MP: 26/26
 23839 | Depths:1 | Reached skill level 15 in Armour
 23998 | Depths:1 | HP: 1/148 [red very ugly thing (35)]
 24005 | Depths:1 | Slain by a red very ugly thing

Illustrated notes

Levels and vault maps discovered:
D:1:      giann_bridges, layout_basic
D:2:      layout_basic, minmay_tall_x, uniq_robin, uniq_natasha
D:3:      layout_basic, biasface_ghost_orc_armoury, portal_sewer_entry_b,
          basic_ecumenical_altar
D:4:      layout_basic, uniq_pikel, uniq_edmund, uniq_menkaure
D:5:      layout_loops_ring, minmay_temple_entry_oklob, minivault_23, uniq_ijyb
D:6:      layout_cave_pools, serial_shops, nicolae_shop_hallway_plus,
          grunt_ministairs_12, chequers_serial_rivers_large_a,
          kennysheep_crisscross
D:7:      layout_basic, uniq_maggie, uniq_joseph, uniq_jeremiah
D:8:      gammafunk_sealed_arena, layout_rooms, serial_shops,
          nicolae_square_shop
D:9:      layout_gridville, mainiacjoe_overflow_catch_the_wave,
          uniq_prince_ribbit1, uniq_psyche
D:10:     layout_roguey, erik_lair_orcish_takeover
D:11:     layout_loops_ring, orc_0_dummy, gammafunk_ghost_hive,
          grunt_decor_fettered
D:12:     layout_basic, uniq_erolcha, uniq_sonja
D:13:     layout_basic, lightli_vaults_fourway_checkpoint, serial_rivers,
          chequers_serial_rivers_micro_d, chequers_serial_rivers_marsh,
          chequers_serial_rivers_micro_b, chequers_serial_rivers_small_a,
          chequers_serial_rivers_small_b
D:14:     layout_roguey, nicolae_qazlal_style_of_elements,
          nicolae_trove_entry_free_sample, uniq_kirke, uniq_nessos
D:15:     hellmonk_depths_entry_around_the_bend, layout_basic,
          corexii_leaking_fountain, elves_outpost_lemuel
Temple:   mainiacjoe_temple_big_plus
Lair:1:   layout_gridlike, nicolae_lair_grove_arrangements
Lair:2:   regret_index_harrowing_hell_hive, layout_regular_city,
          elwin_shoals_entry_rooms, alex1729_snake_entry_snake, minivault_27,
          infiniplex_staircase_pool
Lair:3:   layout_gridlike, basic_altar, beast_lair_carwin_6,
          infiniplex_staircase_pool_2, grunt_megastairs_2, uniq_gastronok,
          uniq_nergalle
Lair:4:   layout_concentric_octagons, slime_entry_1, enter_volcano_1
Lair:5:   minmay_lair_end_enchanted_forest, layout_long_grid,
          kennysheep_abandoned_house
Orc:1:    layout_caves, serial_shops, nicolae_shop_just_a_little_nook
Orc:2:    st_orc_open, layout_caves, basic_altar
Depths:1: layout_long_grid, chequers_serial_rivers_micro_c, hell_entry,
          abyss_entry, lemuel_freeze_loot_1

Skill      XL: |  1  2  3  4  5  6  7  8  9 10 11 12 13 14 15 16 17 |
---------------+----------------------------------------------------+-----
Axes           | 3 4 5 8 9 10 12 13 15 16 17 | 17.7
Dodging        | 1 2 3 5 6 7 8 9 |  9.8
Shields        | 4 5 6 7 8 9 10 11 | 11.9
Armour         | 4 5 6 8 9 10 12 13 14 15 | 15.0
Fighting       | 4 5 6 7 8 9 10 11 12 | 12.6
Evocations     | 6 7 9 10 11 12 13 | 13.0
Stealth        | 1 2 3 |  3.0
Unarmed Combat | 1 |  1.1
Invocations    | 4 6 8 10 12 | 12.3
Maces & Flails | 1 |  1.9
Throwing       | 1 |  1.1

Action                     |  1- 3 |  4- 6 |  7- 9 | 10-12 | 13-15 | 16-18 || total
---------------------------+-------+-------+-------+-------+-------+-------++-------
  Melee: War axe           |    83 |   188 |   255 |   312 |   765 |   300 ||  1903
         Unarmed           |       |       |    26 |       |       |       ||    26
         Morningstar       |       |       |       |     5 |       |       ||     5
  Throw: Boomerang         |       |     3 |       |     3 |       |       ||     6
         Dart              |       |       |     5 |     5 |     2 |     6 ||    18
  Evoke: Wand              |       |       |     3 |     2 |     7 |       ||    12
         Tin of tremorston |       |       |       |       |       |     1 ||     1
    Use: Scroll            |       |     4 |     9 |    15 |    12 |     4 ||    44
         Potion            |       |     1 |     3 |     6 |     7 |     3 ||    20
   Stab: Paralysed         |       |       |     9 |       |       |       ||     9
 Armour: Scale mail        |    21 |       |       |       |       |       ||    21
         Chain mail        |    54 |   169 |   143 |   338 |   696 |   313 ||  1713
         Skin              |       |       |     6 |       |       |       ||     6
  Dodge: Dodged            |    53 |    70 |    95 |   185 |   439 |   145 ||   987
  Block: Buckler           |    28 |    47 |    74 |   210 |   532 |    11 ||   902
         Reflection        |       |       |       |    19 |    19 |    20 ||    58
         Kite shield       |       |       |       |       |       |   300 ||   300

Table legend: (Time is in decaauts)
 A = Elapsed time spent in this place.
 B = Non-inter-level travel time spent in this place.
 C = Inter-level travel time spent in this place.
 D = Time resting spent in this place.
 E = Time spent auto-exploring this place.
 F = Levels seen in this place.
 G = Mean time per level.
                   A        B        C        D        E       F      G
               +--------+--------+--------+--------+--------+-----+--------+
         Total |  24569 |  24162 |    407 |   1384 |  11952 |  26 |  945.0 |
       Dungeon |  15231 |  14921 |    310 |    827 |   8002 |  15 | 1015.4 |
        Temple |    141 |    141 |      0 |      0 |      0 |   1 |  141.0 |
          Lair |   5724 |   5629 |     95 |    117 |   2874 |   5 | 1144.8 |
  Orcish Mines |   1722 |   1722 |      0 |    406 |    318 |   2 |  861.0 |
        Depths |    415 |    415 |      0 |      0 |     34 |   1 |  415.0 |
         Sewer |   1234 |   1234 |      0 |     34 |    722 |   1 | 1234.0 |
       Volcano |     98 |     98 |      0 |      0 |      0 |   1 |   98.0 |
               +--------+--------+--------+--------+--------+-----+--------+

Top non-repeatable levels by time:
    D:15: 2264 daAuts
  Lair:2: 1720 daAuts
  Lair:5: 1515 daAuts
     D:3: 1287 daAuts
   Sewer: 1234 daAuts
    D:11: 1168 daAuts
    D:14: 1069 daAuts
     D:9: 1032 daAuts
     D:1: 997 daAuts
    D:12: 993 daAuts
     D:7: 935 daAuts
     D:2: 926 daAuts
    D:13: 920 daAuts
   Orc:2: 904 daAuts
     D:5: 885 daAuts
